Unix NetHack Version 5.0.0-0 post-release - last build May 31 2026 23:59:36 (970b52f25bf058293b47ddfd14a1e40e571c508c,branch:main).

Game began 2026-06-03 17:18:18, ended 2026-06-03 17:28:54.

JesusFcknChrist, lawful female human Monk

                                                              -------
                                                         ##   |@%d%(|
                               -----                      ####-@*..[|
                               +....                     #####|.+%?!|
                               |o.<|   #      ###########`    |..)).|
                               |...|###########               |.(%[%|
                               |..)-# ##                      -------
                               -----###
                                   #`

JesusFcknChrist the Novice      St:17 Dx:18 Co:12 In:8 Wi:9 Ch:11  Lawful
Dlvl:3  $:0  HP:0(24) Pw:15(15) AC:3  Xp:3 T:518 

Latest messages:
 No creatures have been genocided yet.
 What type of monster do you want to genocide? [enter the name of a type of monster, or '?'] zombie
 Such creatures do not exist in this world.
 What type of monster do you want to genocide? [enter the name of a type of monster, or '?'] goblin
 Wiped out all goblins.
 You don't have enough gold to buy the item on your bill.
 The little dog picks up a food ration.
 You have no ammunition readied.
 What do you want to fire? [$jkn or ?*] ?
 You ready: k - 7 darts.
 In what direction? 2
 The dart hits Adjama.
 Adjama gets angry!
 Adjama zaps a long wand!
 The wand misses you.
 Adjama zaps a long wand!
 The wand misses you.
 You hit Adjama!
 Adjama zaps a long wand!
 The wand hits you!
 Adjama zaps a wand of striking!
 The wand hits you!
 You hit Adjama!
 Adjama zaps a wand of striking!
 The wand misses you.
 You hit Adjama!
 Adjama zaps a wand of striking!
 The wand misses you.
 The little dog drops a food ration.
 You hit Adjama!
 Adjama turns to flee.
 Adjama drinks a potion of healing!
 Adjama looks better.
 You hit Adjama!
 Adjama zaps a wand of striking!
 The wand misses you.
 Adjama zaps a wand of striking!
 The wand misses you.
 You hit Adjama!
 Adjama drinks a magenta potion!
 Adjama looks much better.
 Adjama hits!
 You die...
 Adjama takes all your possessions.
 Do you want to see what you had when you died? [ynq] (y) n
 Do you want to see your attributes? [ynq] (y) n
 Do you want an account of creatures vanquished? [ynaq] (y) n
 Do you want a list of species genocided? [ynq] (y) n
 Do you want to see your conduct and achievements? [ynq] (y) n
 Do you want to see the dungeon overview? [ynq] (y) n

Inventory:
 Weapons  (')')
  j - 2 +0 darts
  k - 6 cursed -1 darts (at the ready)
  n - a +0 bullwhip
 Armor    ('[')
  m - an uncursed +0 orcish helm (being worn)
  a - an uncursed +2 pair of leather gloves (being worn)
  b - an uncursed +1 robe (being worn)
 Comestibles  ('%')
  f - 7 uncursed apples
  e - 3 uncursed food rations
  h - 5 uncursed fortune cookies
  g - 5 uncursed oranges
  l - a cursed tripe ration
 Scrolls  ('?')
  c - an uncursed scroll of light
 Spellbooks  ('+')
  i - a blessed spellbook of confuse monster
 Potions  ('!')
  o - 2 blessed potions of healing
  d - 3 uncursed potions of healing

JesusFcknChrist the Monk's attributes:

Background:
 You were a Novice, a level 3 female human Monk.
 You were lawful, on a mission for Shan Lai Ching
 who was opposed by Chih Sung-tzu (neutral) and Huan Ti (chaotic).
 You were right-handed.
 You were in the Dungeons of Doom, on level 3.
 You entered the dungeon 518 turns ago.
 You had 76 experience points, 4 more were needed to attain level 4.

Basics:
 You had 0 out of 24 hit points.
 You had all 15 energy points (spell power).
 Your armor class was 3.
 Your wallet was empty.
 Autopickup was off.

Final Characteristics:
 Your strength was 17 (limit:18/100).
 Your dexterity was 18 (limit:18).
 Your constitution was 12 (limit:18).
 Your intelligence was 8 (limit:18).
 Your wisdom was 9 (limit:18).
 Your charisma was 11 (limit:18).

Final Status:
 You weren't hungry.
 You were unencumbered.
 You were empty handed.
 You had basic skill with martial arts.

Final Attributes:
 You were fervently aligned.
 You were sleep resistant.
 You were poison resistant.
 You saw invisible.
 You were guarded.
 Your spell casting was enhanced by wearing a robe.
 You were fast.
 You are dead.

Miscellaneous:
 You didn't encounter any bones levels.
 Total elapsed playing time was 10 minutes and 32 seconds.

Major events:
 Turn
    1: JesusFcknChrist the lawful female human Monk entered the dungeon
  467: attained the rank of Novice (level 3)
  511: performed her first genocide (goblins)
  518: killed by Mr. Adjama; the shopkeeper

Spells:
 Name                 Level Category     Fail Retention
 confuse monster        1   enchantment    0%  76%-100%

Skills:
 Fighting Skills
   martial arts       [Basic]
 Weapon Skills
   quarterstaff       [Unskilled]
   spear              [Unskilled]
   crossbow           [Unskilled]
   shuriken           [Unskilled]
 Spellcasting Skills
   attack spells      [Unskilled]
   healing spells     [Basic]
   divination spells  [Unskilled]
   enchantment spells [Unskilled]
   clerical spells    [Unskilled]
   escape spells      [Unskilled]
   matter spells      [Unskilled]

Voluntary challenges:
 Character rerolling was not enabled.
 You went without food.
 You were an atheist.
 You never hit with a wielded weapon.
 You genocided 1 type of monster.
 You never polymorphed an object.
 You never changed form.
 You used no wishes.
Achievements:
 You entered a shop.
 You attained the rank of Novice.

 The Dungeons of Doom: levels 1 to 3
    Level 1:
       A fountain.
    Level 2:
       A fountain, a sink.
    Level 3: <- You were here.
       A general store.
       Final resting place for
          you, killed by Mr. Adjama; the shopkeeper.


Vanquished creatures:
  a large mimic
  a small mimic
  a goblin
  a grid bug
  a lichen
  2 kobold zombies
  a newt
8 creatures vanquished.

Genocided species:
 goblins
1 species genocided.

Game over:
                       ----------
                      /          \
                     /    REST    \
                    /      IN      \
                   /     PEACE      \
                  /                  \
                  | JesusFcknChrist  |
                  |       0 Au       |
                  |  killed by Mr.   |
                  |   Adjama; the    |
                  |    shopkeeper    |
                  |                  |
                  |       2026       |
                 *|     *  *  *      | *
        _________)/\\_//(\/(/\)/\//\/|_)_______

Goodbye JesusFcknChrist the Monk...

You died in The Dungeons of Doom on dungeon level 3 with 544 points,
and 0 pieces of gold, after 518 moves.
You were level 3 with a maximum of 24 hit points when you died.

